 Seeded DCSS version 0.30.0-19-g36f170ea60 (webtiles) character file.

Game seed: 424073725385337585 (custom seed)

591 Hubris850 the Conjurer (level 7, 0/36 HPs)
             Began as a Tengu Fire Elementalist on May 30, 2023.
             Slain by a jelly (1 damage)
             ... on level 4 of the Dungeon.
             The game lasted 00:15:29 (4382 turns).

Hubris850 the Conjurer (Tengu Fire Elementalist)    Turns: 4382, Time: 00:15:30

Health: 0/36       AC:  0    Str:  9    XL:     7   Next: 39%
Magic:  12/14      EV: 14    Int: 17    God:
Gold:   171        SH:  0    Dex: 14    Spells: 11/14 levels left

rFire   . . .        y - +4 quarterstaff (chaos)
rCold   . . .        (shield currently unavailable)
rNeg    . . .        a - +0 robe
rPois   .            (helmet restricted)
rElec   .            z - +0 cloak
rCorr   .            h - +0 pair of gloves
SInv    .            (boots unavailable)
Will    .....        f - amulet of regeneration
Stlth   ++           v - +4 ring of protection
HPRegen 1.06/turn    (no ring)
MPRegen 0.14/turn

%: no passive effects
@: corroded, flying quickly and evasively, quick
A: beak, talons 3, nimble flight
a: no special abilities


You were on level 4 of the Dungeon.
You visited 1 branch of the dungeon, and saw 5 of its levels.

You collected 171 gold pieces.

Inventory:

Hand Weapons
 d - a +1 spectral club
 e - a +0 club
 g - a +0 dagger
 l - a +2 vampiric dagger
 y - a +4 quarterstaff of chaos (weapon)
Missiles
 p - 6 poisoned darts
 x - 4 datura-tipped darts
Armour
 a - a +0 robe (worn)
 h - a +0 pair of gloves (worn)
 z - a +0 cloak (worn)
Jewellery
 f - an amulet of regeneration (around neck)
 v - a +4 ring of protection (left hand)
Wands
 c - a wand of paralysis (1)
Scrolls
 i - a scroll of amnesia
 o - a scroll of fear
 q - 2 scrolls of teleportation {unknown}
 r - a scroll of blinking {unknown}
 s - a scroll of vulnerability {unknown}
 u - a scroll of acquirement {unknown}
 w - a scroll of enchant weapon {unknown}
Potions
 b - a potion of magic
 j - a potion of haste
 k - 2 potions of curing
 m - 3 potions of heal wounds
 n - a potion of attraction
 t - a potion of cancellation {unknown}


   Skills:
 - Level 2.1 Dodging
 - Level 2.0 Stealth
 + Level 4.4 Spellcasting
 + Level 5.9 Conjurations
 + Level 5.8 Fire Magic


You had 11 spell levels left.
You knew the following spells:

 Your Spells              Type           Power      Damage    Failure   Level
a - Foxfire               Conj/Fire      92%        2x1d8     1%          1
b - Scorch                Fire           46%        2d7       1%          2

Your spell library contained the following spells:

 Spells                   Type           Power      Damage    Failure   Level
 Flame Wave               Conj/Fire      23%        2d8       13%         4
 Inner Flame              Hex/Fire       13%        N/A       14%         3
 Volatile Blastmotes      Fire/Tloc      26%        2d12      14%         3
 Summon Small Mammal      Summ           12%        N/A       16%         1
 Sublimation of Blood     Necr           3%         N/A       22%         2
 Wereblood                Tmut           3%         N/A       22%         2
 Call Canine Familiar     Summ           3%         N/A       41%         3
 Summon Guardian Golem    Hex/Summ       3%         N/A       41%         3
 Vampiric Draining        Necr           3%         2d6       41%         3
 Petrify                  Tmut/Erth      3%         N/A       83%         4
 Yara's Violent Unravell  Hex/Tmut       1%         3d3       99%         5
 Summon Hydra             Summ           1%         N/A       100%        7


Dungeon Overview and Level Annotations

Branches:
Dungeon (5/15)
 Temple: D:4-7

Altars:
Wu Jian


Innate Abilities, Weirdness & Mutations

You have a beak for a mouth.
You have claws for feet.
Your magical nature lets you fly swiftly and evasively.


Message History

You conjure some foxfire!
The foxfire hits the jelly.
The jelly is lightly wounded.
The foxfire hits the sleepcap.
The sleepcap is lightly damaged.
The jelly closely misses you.
You sock the jelly!
The jelly suddenly seems more resistant.
The acid corrodes you!
Your hands burn!
You claw the jelly.
The jelly is severely wounded.
The foxfire hits the sleepcap.
The sleepcap is lightly damaged.
The foxfire hits the sleepcap.
The sleepcap is moderately damaged.
The jelly hits you. The acid corrodes you!
You are splashed with acid.
You barely miss the jelly. You peck the jelly, but do no damage.
The jelly is severely wounded.
The jelly misses you. The sleepcap releases spores at you.
You are engulfed in a cloud of soporific spores!
You fall asleep.
The sleepcap releases spores at you!
You wake up.
* * * LOW HITPOINT WARNING * * *
The jelly barely misses you.
Unknown command.
Unknown command.
The sleepcap releases spores at you.
* * * LOW HITPOINT WARNING * * *
The jelly jiggles.
The jelly closely misses you.
Your magical contamination has completely faded away.
You fly upwards.
There is a stone staircase leading down here.
The sleepcap releases spores at you.
* * * LOW HITPOINT WARNING * * *
You are engulfed in a cloud of soporific spores!
You fall asleep.
The sleepcap releases spores at you!
You wake up.
* * * LOW HITPOINT WARNING * * *
You are engulfed in a cloud of soporific spores!
You are unaffected.
The jelly hits you.
You die...

#.# #............## #.#
####..........## #.###########
#####.#.....## #...........#
#........#### ###########.#
#####..†......... #.#
#...#........#### #.#
#...........## ##
#.###f<.#......#####.
#...@J........###....
#.####.##.######..... #.#
#...#.# #....... ### ##.#..#
#....... ##.##.####.......
♣♣♣♣♣##................
#####♣♣♣.♣....#.##............
#...#♣..♣.......#.######......
#...'.♣♣♣♣.......## ##...##


You could see a sleepcap and a jelly (resistant).

Vanquished Creatures
  An ice beast (D:4)
  2 scorpions (D:4)
  Crazy Yiuf (D:4)
  Ijyb (D:3)
  A sleepcap (D:5)
  3 iguanas
  An orc wizard (D:4)
  Robin (D:4)
  3 gnolls (D:3)
  3 adders
  4 dart slugs
  8 orcs
  13 endoplasms
  5 giant cockroaches
  15 goblins
  14 hobgoblins
  10 jackals
  7 kobolds
  3 quokkas
  4 ball pythons
  7 bats
  A frilled lizard (D:2)
  7 rats
115 creatures vanquished.

Vanquished Creatures (others)
  239 foxfires
239 creatures vanquished.

Grand Total: 354 creatures vanquished

Notes
Turn   | Place    | Note
-------+----------+-------------------------------------------
     0 | D:1      | Hubris850 the Tengu Fire Elementalist began the quest for
                  | the Orb.
     0 | D:1      | Reached XP level 1. HP: 10/10 MP: 4/4
   314 | D:1      | Reached XP level 2. HP: 15/15 MP: 3/6
   755 | D:1      | Reached XP level 3. HP: 19/19 MP: 7/7
  1371 | D:2      | Got Sif Muna's Book of the Gestalt and Diablerie
  1646 | D:2      | Reached XP level 4. HP: 24/24 MP: 4/9
  1727 | D:2      | Learned a level 2 spell: Scorch
  2506 | D:3      | Noticed Ijyb
  2512 | D:3      | Paralysed by Ijyb for 3 turns
  2518 | D:3      | Killed Ijyb
  2609 | D:3      | Gained mutation: Your magical nature lets you fly swiftly
                  | and evasively. [Tengu growth]
  2609 | D:3      | Reached XP level 5. HP: 23/28 MP: 10/10
  2743 | D:3      | Found an ornate altar of the Wu Jian Council.
  3266 | D:4      | Reached XP level 6. HP: 19/32 MP: 8/12
  3324 | D:4      | Reached skill level 5 in Fire Magic
  3349 | D:4      | Reached skill level 5 in Conjurations
  3887 | D:4      | Noticed Robin
  3896 | D:4      | Killed Robin
  4012 | D:4      | Found a runed translucent door.
  4013 | D:4      | Noticed Crazy Yiuf
  4025 | D:4      | Killed Crazy Yiuf
  4207 | D:5      | Entered Level 5 of the Dungeon
  4215 | D:5      | Reached XP level 7. HP: 36/36 MP: 6/14
  4382 | D:4      | HP: 1/36 [sleepcap (7)]
  4382 | D:4      | Slain by a jelly

Illustrated notes

Levels and vault maps discovered:
D:1:      evilmike_arrival_crescent, layout_loops_corners
D:2:      layout_basic, minmay_misc_feat_cross, kennysheep_cross_room
D:3:      layout_rooms, nzn_wu_jian_contemplation, uniq_ijyb
D:4:      layout_loops_ring, uniq_robin, uniq_crazy_yiuf_cottage
D:5:      layout_cave_pools, minmay_temple_entry_hall, serial_gnoll_camp,
          gnoll_camp_mini_house, gnoll_camp_mini_shop, gnoll_camp_mini_basic,
          gnoll_camp_medium_02, gnoll_camp_medium_01, ebering_ghost_gozag,
          lemuel_flame_loot_1

Skill      XL: |  1  2  3  4  5  6 |
---------------+-------------------+-----
Conjurations   | 2 3 4 5 |  5.9
Fire Magic     | 4 5 |  5.8
Spellcasting   | 3 4 |  4.4
Dodging        | |  2.1
Stealth        | |  2.0

Action                     |  1- 3 |  4- 6 |  7- 9 || total
---------------------------+-------+-------+-------++-------
  Melee: Unarmed           |     6 |       |       ||     6
         Peck              |     5 |    25 |     2 ||    32
         Kick              |     9 |    36 |     2 ||    47
         Dagger            |    21 |    17 |       ||    38
         Club              |     4 |    94 |       ||    98
         Punch             |       |     1 |       ||     1
         Quarterstaff      |       |       |     4 ||     4
  Throw: Dart              |       |     9 |       ||     9
   Cast: Foxfire           |    61 |    61 |    13 ||   135
         Scorch            |       |    12 |     2 ||    14
  Evoke: Wand              |       |     2 |       ||     2
    Use: Scroll            |       |     6 |       ||     6
         Potion            |       |     2 |       ||     2
   Stab: Sleeping          |     1 |     7 |       ||     8
         Paralysed         |       |     1 |       ||     1
 Armour: Robe              |     4 |    18 |     4 ||    26
  Dodge: Dodged            |    22 |    79 |     9 ||   110
